 Dungeon Crawl Stone Soup version 0.27.0-1-g7a089689b8 (webtiles) character file.

Game seed: 7697704655635302389

625 nicksoapdish the Sneak (level 7, 0/51 HPs)
             Began as a Demonspawn Brigand on Aug 1, 2021.
             Killed by nerve-wracking pain
             ... invoked by Menkaure
              (6 damage)
             ... in an ossuary.
             The game lasted 00:22:34 (6145 turns).

nicksoapdish the Sneak (Demonspawn Brigand)         Turns: 6145, Time: 00:22:34

Health: 0/51       AC:  5    Str: 12    XL:     7   Next: 23%
Magic:  7/7        EV: 13    Int: 12    God:
Gold:   323        SH:  0    Dex: 16    Spells: 6/6 levels left

rFire    x . .     SeeInvis .   a - +1 dagger (drain)
rCold    + + +     Faith    .   (no shield)
rNeg     . . .     Spirit   .   b - +0 robe
rPois    .         Reflect  .   (no helmet)
rElec    .         Harm     .   c - +0 cloak
rCorr    .         Rampage  .   (no gloves)
Will     .....                  (no boots)
Stlth    +++.......             (no amulet)
HPRegen  0.17/turn              v - ring of protection from cold
MPRegen  0.10/turn              r - ring of ice

@: hasted, very quick
A: slimy green scales 1, foul stench 1, cold resistance 1, MP-powered wands
a: no special abilities


You were in an ossuary.
You visited 2 branches of the dungeon, and saw 6 of its levels.
You also visited: Ossuary.

You collected 323 gold pieces.

Inventory:

Hand Weapons
 a - a +1 dagger of draining (weapon)
 s - a +2 dagger
Missiles
 d - 26 poisoned darts (quivered)
 e - 2 curare-tipped darts
 o - a throwing net
 t - 8 atropa-tipped darts
Armour
 b - a +0 robe (worn)
 c - a +0 cloak (worn)
Jewellery
 r - a ring of ice (right hand)
 v - a ring of protection from cold (left hand)
 E - a ring of poison resistance
Wands
 F - a wand of flame (19)
Scrolls
 f - a scroll of fog
 h - a scroll of magic mapping
 n - a scroll of amnesia
 y - a scroll of teleportation {unknown}
 A - a scroll of immolation {unknown}
 B - 2 scrolls of identify
 C - a scroll of brand weapon {unknown}
 D - a scroll of noise {unknown}
 G - a scroll of fear {unknown}
Potions
 g - a potion of brilliance
 i - a potion of haste
 j - a potion of attraction
 k - a potion of mutation
 l - 3 potions of curing
 m - a potion of flight
 q - 2 potions of cancellation
 u - a potion of might {unknown}
 w - a potion of berserk rage {unknown}
 x - a potion of degeneration {unknown}
 z - a potion of magic {unknown}


   Skills:
 + Level 2.8 Fighting
 + Level 3.4 Short Blades
 - Level 1.7 Throwing
 * Level 3.3 Dodging
 * Level 6.7 Stealth


You had 6 spell levels left.
You didn't know any spells.
Your spell library contained the following spells:

 Spells                   Type           Power      Damage    Failure   Level
 Slow                     Hex            0%         N/A       45%         2
 Confusing Touch          Hex            0%         N/A       69%         3
 Inner Flame              Hex/Fire       0%         N/A       69%         3
 Vampiric Draining        Necr           0%         2d6       69%         3
 Cause Fear               Hex            0%         N/A       97%         4
 Fireball                 Conj/Fire      0%         3d3       100%        5
 Iskenderun's Battlesphe  Conj           0%         2d6       100%        5
 Conjure Ball Lightning   Conj/Air       0%         3x3d6     100%        6
 Orb of Destruction       Conj           0%         N/A       100%        7
 Discord                  Hex            0%         N/A       100%        8


Dungeon Overview and Level Annotations

Branches:
Dungeon (5/15)             Temple (1/1) D:5         Ossuary (1/1)

Altars:
Cheibriados
Fedhas
Makhleb
Nemelex Xobeh
Okawaru
Qazlal
Trog
Uskayaw
Vehumet
Yredelemnul
Zin
The Shining One

Annotations:
Ossuary Menkaure


Innate Abilities, Weirdness & Mutations

You are partially covered in slimy green scales. (AC +2)
You may rarely emit foul miasma when damaged in melee.
Your flesh is cold resistant. (rC+)
You expend magic power (3 MP) to strengthen your wands.


Message History

There is an open door here.
There is an open door here.
There is an open door here.
There is an open door here.
You see here a potion of mutation.
Menkaure shouts!
There is an open door here.
Which direction?
You close the door.
There is an open door here.
Menkaure opens the door.
Menkaure rustles drily.
Menkaure casts a spell.
Menkaure seems to speed up.
There is an open door here.
As you read the scroll labelled LOUMMI PINWAI, it crumbles to dust.
It is a scroll of amnesia.
You feel forgetful for a moment. Menkaure hits you. Menkaure barely misses you.
There is an open door, spattered with blood here.
Menkaure calls on the powers of darkness!
Your body is wracked with pain!
As you read the scroll labelled ONUGEWO SUXU, it crumbles to dust.
Your body is wracked with pain!
* * * LOW HITPOINT WARNING * * *
It was a scroll of torment.
As you read the scroll of fog, it crumbles to dust.
The scroll dissolves into smoke.
Menkaure barely misses you.
Menkaure calls on the powers of darkness!
Your body is wracked with pain!
* * * LOW HITPOINT WARNING * * *
Menkaure calls on the powers of darkness!
Your body is wracked with pain!
* * * LOW HITPOINT WARNING * * *
You see here a poisoned dart.
You see here a poisoned dart.
You feel yourself speed up.
Menkaure points at you and mumbles some strange words.
Pain shoots through your body!
You die...

...$!!.......+.#..#
...∩$!..########..#
...$??.......#.'..#
....!........#.#..#
........'....'.#..#
......M......###..#
...#......####.'..#
...#.........'.#..#
...#...M#....#.#@.#
...#....#....###..#
...#....#....#.'..#
#'####'#######.#M.#
...#...#..§#...#..#
##'###M###§#####(.#
....M....§§§§§§(..#
..........§§§§...∩#
###################


You could see Menkaure (fast).

Vanquished Creatures
  An ogre (D:5)
  A bullfrog (D:4)
  A scorpion (D:5)
  A centaur zombie (D:5)
  2 hounds
  4 ogre zombies (Ossuary)
  2 mummies (Ossuary)
  8 adders
  4 adder zombies (Ossuary)
  A worm (D:5)
  4 dart slugs
  7 orcs
  9 endoplasms
  4 giant cockroaches
  2 gnoll zombies (Ossuary)
  11 goblins
  11 hobgoblins
  14 jackals
  5 quokkas
  9 ball pythons
  4 bats
  4 frilled lizards
  5 goblin zombies (Ossuary)
  5 hobgoblin zombies (Ossuary)
  10 kobolds
  4 kobold zombies (Ossuary)
  2 quokka zombies (Ossuary)
  2 rats (D:2)
  3 rat zombies (Ossuary)
140 creatures vanquished.

Notes
Turn   | Place    | Note
-------+----------+-------------------------------------------
     0 | D:1      | nicksoapdish the Demonspawn Brigand began the quest for the
                  | Orb.
     0 | D:1      | Reached XP level 1. HP: 16/16 MP: 1/1
   164 | D:1      | Reached skill level 4 in Stealth
   253 | D:1      | Reached skill level 1 in Dodging
   253 | D:1      | Gained mutation: You are partially covered in slimy green
                  | scales. (AC +2) [demonic ancestry]
   253 | D:1      | Reached XP level 2. HP: 18/22 MP: 2/2
   529 | D:1      | Reached XP level 3. HP: 27/27 MP: 3/3
  1248 | D:2      | Reached XP level 4. HP: 22/33 MP: 4/4
  2096 | D:2      | Reached skill level 5 in Stealth
  2940 | D:3      | Gained mutation: You may rarely emit foul miasma when
                  | damaged in melee. [demonic ancestry]
  2940 | D:3      | Reached XP level 5. HP: 38/38 MP: 5/5
  3129 | D:3      | Gained mutation: You expend magic power (3 MP) to
                  | strengthen your wands. [potion of mutation]
  3129 | D:3      | Gained mutation: Your flesh is cold resistant. (rC+)
                  | [potion of mutation]
  3495 | D:4      | Reached XP level 6. HP: 34/46 MP: 6/6
  3979 | D:5      | Entered Level 5 of the Dungeon
  4124 | D:5      | Reached skill level 6 in Stealth
  4132 | D:5      | Found a burning altar of Makhleb.
  4136 | D:5      | Noticed an angel
  4136 | D:5      | Noticed an Executioner
  4194 | D:5      | Found a staircase to the Ecumenical Temple.
  4202 | Temple   | Entered the Ecumenical Temple
  4399 | D:5      | Found a sand-covered staircase.
  4403 | Ossuary  | Entered an ossuary
  4944 | Ossuary  | Reached XP level 7. HP: 51/51 MP: 7/7
  5005 | Ossuary  | Noticed Menkaure
  6145 | Ossuary  | Killed from afar by Menkaure

Illustrated notes

Levels and vault maps discovered:
D:1:      lemuel_arrival_funnel, layout_basic, chequers_decorated_corner,
          minmay_splitting_lines, minivault_19, minmay_pentomino_r4
D:2:      layout_basic, minmay_snake_closets
D:3:      minmay_razor_zed, layout_rooms
D:4:      layout_rooms
D:5:      layout_basic, grunt_temple_overflow_order_and_chaos_2,
          mainiacjoe_overflow_surrounded_room, minmay_temple_entry_trees,
          enter_ossuary_5
Temple:   cyrus_temple_forest
Ossuary:  ossuary_boxes_badplayer

Skill      XL: |  1  2  3  4  5  6 |
---------------+-------------------+-----
Stealth        | 4 5 6 |  6.7
Dodging        | 1 2 3 |  3.3
Short Blades   | 2 3 |  3.4
Fighting       | |  2.8
Throwing       | |  1.7

Action                   |  1- 3 |  4- 6 |  7- 9 || total
-------------------------+-------+-------+-------++-------
Melee: Dagger            |    76 |   293 |   130 ||   499
Throw: Dart              |    34 |    44 |     2 ||    80
  Use: Scroll            |     2 |     5 |     3 ||    10
       Potion            |     1 |     1 |     1 ||     3
 Stab: Sleeping          |     6 |    14 |    17 ||    37
Armor: Robe              |    22 |    75 |    18 ||   115
Dodge: Dodged            |    33 |   142 |    41 ||   216
